 Dungeon Crawl Stone Soup version 0.28-a0-1087-gf3fc490d9d (webtiles) character file.

Game seed: 9115259600539228412

11972 siradein the Destroyer (level 11, -2/74 HPs)
             Began as a White Draconian Conjurer on Dec 11, 2021.
             Was an Initiate of Yredelemnul.
             Slain by a thrashing horror (10 damage)
             ... on level 2 of the Abyss.
             The game lasted 00:34:57 (15253 turns).

siradein the Destroyer (White Draconian Conjurer)  Turns: 15253, Time: 00:34:57

Health: -2/74      AC: 13    Str: 11    XL:     11   Next: 56%
Magic:  23/23      EV: 18    Int: 23    God:    Yredelemnul [......]
Gold:   589        SH:  0    Dex: 10    Spells: 15/26 levels left

rFire   . . .      SeeInvis .   C - +1 rapier of Cataclysm {vorpal, Will+ Str+2 Stlth+}
rCold   + . .      Faith    .   (no shield)
rNeg    . . .      Spirit   .   (armour unavailable)
rPois   .          Reflect  .   (helmet restricted)
rElec   .          Harm     .   k - +0 cloak
rCorr   .          Rampage  .   (no gloves)
Will    +....                   w - +0 pair of boots
Stlth   +++.......              (no amulet)
HPRegen 0.22/turn               I - +4 ring of protection
MPRegen 0.18/turn               v - +4 ring of evasion

@: about to teleport, studying Evocations
A: breathe frost, AC +7, unfitting armour, cold resistance 1, cold-blooded
a: Breathe Frost, Renounce Religion, Recall Undead Harvest


You were on level 2 of the Abyss.
You worshipped Yredelemnul.
Yredelemnul was noncommittal.
You visited 2 branches of the dungeon, and saw 12 of its levels.
You visited the Abyss 1 time.
You also visited: Ossuary and Gauntlet.

You collected 589 gold pieces.

Inventory:

Hand Weapons
 C - the +1 rapier of Cataclysm (weapon) {vorpal, Will+ Str+2 Stlth+}
   (You found it on level 7 of the Dungeon)

   It inflicts extra damage upon your enemies.
   Str:       It affects your strength (+2).
   Will:      It increases your willpower.
   Stlth:     It makes you more stealthy.
Missiles
 s - 2 throwing nets
Armour
 k - a +0 cloak (worn)
 w - a +0 pair of boots (worn)
Magical Staves
 d - a staff of cold
 L - a staff of earth
Jewellery
 c - a ring of protection from fire
 i - a ring of see invisible
 u - a ring of wizardry
 v - a +4 ring of evasion (right hand)
 z - a ring of protection from cold
 D - a ring of ice
 I - a +4 ring of protection (left hand)
 J - the ring of Iladigg {Ice Dex+2}
   (You found it in a Gauntlet)

   [ring of ice]

   It enhances your ice magic.
   Dex:       It affects your dexterity (+2).
   rF:        It makes you vulnerable to fire.
   rC:        It protects you from cold.
Wands
 h - a wand of flame (42)
 j - a wand of digging (4)
 r - a wand of polymorph (11)
 y - a wand of paralysis (10)
Scrolls
 b - 4 scrolls of fog
 g - a scroll of acquirement
 t - a scroll of brand weapon
 x - a scroll of teleportation
 A - 2 scrolls of summoning
 F - a scroll of amnesia
 H - 2 scrolls of blinking {unknown}
 K - a scroll of holy word {unknown}
Potions
 a - a potion of lignification
 e - 8 potions of heal wounds
 f - 5 potions of haste
 l - a potion of berserk rage
 m - a potion of mutation {unknown}
 n - 7 potions of curing
 o - 3 potions of might {unknown}
 p - 2 potions of resistance {unknown}
 q - a potion of magic {unknown}
 B - a potion of invisibility {unknown}
 E - 2 potions of attraction {unknown}
 G - a potion of degeneration {unknown}
Miscellaneous
 M - a lightning rod (4/4)


   Skills:
 + Level 8.6 Staves
 + Level 8.2 Dodging
 - Level 2.0 Stealth
 + Level 8.3 Spellcasting
 + Level 9.7 Conjurations
 + Level 1.7 Invocations
 + Level 8.0 Evocations


You had 15 spell levels left.
You knew the following spells:

 Your Spells              Type           Power      Damage    Failure   Level
a - Magic Dart            Conj           100%       1d8       1%          1
b - Searing Ray           Conj           100%       2d8       1%          2
c - Fulminant Prism       Conj/Hex       15%        3d11      9%          4
d - Iskenderun's Mystic   Conj/Tloc      31%        2d8       9%          4

Your spell library contained the following spells:

 Spells                   Type           Power      Damage    Failure   Level
 Dazzling Flash           Conj/Hex       62%        N/A       2%          3
 Animate Skeleton         Necr           18%        N/A       7%          1
 Pain                     Necr           36%        1d5       7%          1
 Slow                     Hex            36%        N/A       7%          1
 Blink                    Tloc           18%        N/A       11%         2
 Confusing Touch          Hex            9%         N/A       21%         3
 Vampiric Draining        Necr           9%         2d6       21%         3
 Starburst                Conj/Fire      15%        6d6       80%         6
 Manifold Assault         Tloc           9%         N/A       88%         5
 Storm Form               Tmut/Air       4%         N/A       100%        7


Dungeon Overview and Level Annotations

Branches:
Dungeon (11/15)            Temple (1/1) D:7            Lair (0/6) D:9
    Orc (0/2) D:10        Ossuary (visited)         Gauntlet (visited)

Altars:
Dithmenos
Elyvilon
Fedhas
Gozag
Hepliaklqana
Makhleb
Sif Muna
Trog
Uskayaw
Wu Jian
Xom
Yredelemnul
The Shining One

Annotations:
D:6 2 transporters, pokeman's ghost, novice DEWz
D:9 2 transporters, exclusion: oklob plant, Foxy's ghost, novice DgIE Gauntlet 9 transporters, 1 runed translucent door


Innate Abilities, Weirdness & Mutations

You can breathe waves of freezing cold which knock back foes.
Your icy white scales are hard. (AC +7)
You cannot fit into any form of body armour.
Your flesh is cold resistant. (rC+)
You are cold-blooded and may be slowed by cold attacks.


Message History

The thrashing horror tramples you.
You stumble backwards!
The thrashing horror tramples you but does no damage.
The thrashing horror tramples you.
You hold your ground!
The thrashing horror roars!
The thrashing horror tramples you.
* * * LOW HITPOINT WARNING * * *
You hold your ground!
The thrashing horror barely misses you. The thrashing horror tramples you!
* * * LOW HITPOINT WARNING * * *
You stumble backwards!
Found a scroll of teleportation.
The thrashing horror tramples you but does no damage.
The thrashing horror misses you.
The thrashing horror roars!
The thrashing horror tramples you but does no damage. x2
The thrashing horror barely misses you. The thrashing horror tramples you.
* * * LOW HITPOINT WARNING * * *
You stumble backwards!
You hit the thrashing horror.
The thrashing horror is lightly damaged.
The thrashing horror tramples you but does no damage.
The thrashing horror barely misses you.
You hit the thrashing horror.
The thrashing horror is moderately damaged.
The thrashing horror tramples you but does no damage.
The thrashing horror misses you. The thrashing horror barely misses you.
The thrashing horror tramples you but does no damage.
As you read the scroll of teleportation, it crumbles to dust.
You feel strangely unstable.
You feel the power of the Abyss delaying your translocation!
The thrashing horror tramples you.
* * * LOW HITPOINT WARNING * * *
You hold your ground!
The thrashing horror tramples you but does no damage.
The thrashing horror misses you.
The thrashing horror tramples you but does no damage.
You barely miss the thrashing horror.
The thrashing horror is lightly damaged.
The thrashing horror tramples you!
You die...
Your body rises from the dead as a mindless zombie.

# ... #.###§# .. ##
..... ... ..# .. #...
..#...#.# .###.§##
..#..$ ..#.##@## ###.#
... ..#...###X##....#
.#X###..#.#####.# # ##
# ..#...#.####.#
.#..##.##.#...#.#..#..#
..#.# .# #....... .#?#
#..###.#.# ..#
.#....... ...# .. ##
###.###......# #.
..##.# #.. .#. .##.#


You could see a thrashing horror.

Vanquished Creatures
  A hydra (D:10)
  A two-headed ogre (D:10)
  Pikel (D:5)
  A deep elf pyromancer (D:7)
  An unseen horror (D:10)
  2 trolls
  A hornet (D:9)
  Grinder (D:5)
  Sigmund (D:2)
  9 yaks
  2 wyverns
  A wraith (D:7)
  A small abomination (Gauntlet)
  3 water moccasins
  2 acid dragons
  3 ice beasts
  A hornet zombie (D:9)
  5 ogres
  The ghost of Strat the Chiller, an amateur NaIE (D:4)
  2 centaurs
  2 phantoms
  2 kobold brigands
  4 lemures (D:5)
  5 elf zombies (Ossuary)
  A wyvern zombie (D:6)
  3 bullfrogs
  A komodo dragon zombie (D:9)
  A gnoll sergeant (D:8)
  2 water moccasin zombies
  A water moccasin skeleton (D:5)
  A yak zombie (D:9)
  2 killer bees (D:8)
  5 wights
  6 howler monkeys
  2 centaur zombies (Ossuary)
  5 human zombies (Ossuary)
  A jelly (D:4)
  A bullfrog zombie (D:5)
  4 hounds
  3 orc priests
  Crazy Yiuf (D:6)
  A gnoll shaman (D:7)
  Ijyb (D:2)
  An iguana (D:6)
  3 orc wizards
  A scorpion zombie (D:5)
  A killer bee zombie (D:7)
  A hound zombie (D:5)
  A hound skeleton (D:5)
  3 mummies (Ossuary)
  2 howler monkey zombies
  6 adders
  A shadow imp (D:6)
  2 white imps
  3 worms
  A dart slug (D:5)
  15 orcs
  8 bats
  6 endoplasms
  2 giant cockroaches (D:3)
  9 goblins
  2 hobgoblins
  8 jackals
  5 quokkas
  7 ball pythons
  4 frilled lizards (D:1)
  17 kobolds
  An orc zombie (D:9)
  6 rats
211 creatures vanquished.

Vanquished Creatures (collateral kills)
  A two-headed ogre (D:10)
  Erica (D:9)
  A komodo dragon (D:9)
  A shadow (D:10)
  A yak (D:9)
  A steam dragon (D:8)
  An orc warrior (D:7)
  3 centaurs
  2 kobold brigands
  A killer bee (D:8)
  A wight (D:9)
  A yak zombie (D:9)
  3 centaur zombies
  A howler monkey zombie (D:9)
  3 orcs (D:9)
  3 kobolds (D:10)
25 creatures vanquished.

Vanquished Creatures (others)
  A human zombie (D:9)
  A wyvern zombie (D:7)
  3 yak zombies
  2 killer bee zombies (D:8)
  A howler monkey zombie (D:8)
  3 kobold zombies (D:10)
  2 orc zombies
  14 demonic plants (Gauntlet)
  26 fulminant prisms
  19 plants
72 creatures vanquished.

Grand Total: 308 creatures vanquished

Notes
Turn   | Place    | Note
-------+----------+-------------------------------------------
     0 | D:1      | siradein the Draconian Conjurer began the quest for the
                  | Orb.
     0 | D:1      | Reached XP level 1. HP: 14/14 MP: 3/3
   377 | D:1      | Reached XP level 2. HP: 20/20 MP: 1/5
  1157 | D:2      | Learned a level 2 spell: Searing Ray
  1206 | D:2      | Reached XP level 3. HP: 20/26 MP: 0/6
  1516 | D:2      | Noticed Sigmund
  1521 | D:2      | Killed Sigmund
  1522 | D:2      | Reached XP level 4. HP: 33/33 MP: 0/8
  1522 | D:2      | Reached XP level 5. HP: 38/38 MP: 0/9
  1743 | D:2      | Noticed Ijyb
  1755 | D:2      | Killed Ijyb
  1756 | D:2      | Reached skill level 5 in Conjurations
  2319 | D:3      | Reached XP level 6. HP: 45/45 MP: 6/10
  3507 | D:4      | Found a large runed translucent door.
  3507 | D:4      | Found a large runed translucent door.
  3511 | D:4      | Noticed Strat's ghost (amateur NaIE)
  3605 | D:4      | Your scales start taking on an icy white colour.
  3605 | D:4      | Reached XP level 7. HP: 50/50 MP: 6/12
  3605 | D:4      | Gained mutation: Your flesh is cold resistant. (rC+) [White
                  | Draconian growth]
  3635 | D:4      | Found a sand-covered staircase.
  3704 | Ossuary  | Entered an ossuary
  4006 | Ossuary  | Reached skill level 6 in Conjurations
  4243 | Ossuary  | Reached XP level 8. HP: 27/57 MP: 1/15
  5160 | D:4      | Learned a level 4 spell: Fulminant Prism
  5424 | D:4      | Killed Strat's ghost
  5425 | D:4      | Reached skill level 5 in Spellcasting
  5550 | D:5      | Entered Level 5 of the Dungeon
  5573 | D:5      | Noticed Grinder
  5592 | D:5      | Paralysed by Grinder for 5 turns
  5600 | D:5      | Reached skill level 5 in Dodging
  5601 | D:5      | Paralysed by Grinder for 5 turns
  5608 | D:5      | Killed Grinder
  5609 | D:5      | Reached skill level 5 in Staves
  6130 | D:5      | Reached skill level 7 in Conjurations
  6235 | D:5      | Reached XP level 9. HP: 62/62 MP: 9/17
  6304 | D:5      | Identified the +3 scale mail of Shielding {Rampage rPois
                  | Dex-2}
  6324 | D:5      | Noticed Pikel
  6370 | D:5      | Killed Pikel
  6371 | D:5      | Reached skill level 1 in Evocations
  7371 | D:6      | Noticed a queen bee
  7450 | D:6      | Noticed pokeman's ghost (novice DEWz)
  7510 | D:6      | Found a transporter.
  7515 | D:6      | Found a transporter.
  7684 | D:6      | Found a runed translucent door.
  7685 | D:6      | Noticed Crazy Yiuf
  7854 | D:6      | Killed Crazy Yiuf
  8167 | D:6      | Found an opulent altar of Gozag.
  8397 | D:6      | You fall into a shaft and drop 2 floors!
  9073 | D:7      | Reached skill level 8 in Conjurations
  9296 | D:7      | Found a staircase to the Ecumenical Temple.
  9309 | D:7      | Identified the +1 rapier of Cataclysm {vorpal, Will+ Str+2
                  | Stlth+}
  9319 | Temple   | Entered the Ecumenical Temple
  9365 | Temple   | Became a worshipper of Yredelemnul the Dark
  9624 | D:7      | Reached XP level 10. HP: 37/69 MP: 11/20
  9933 | D:7      | Noticed a deep elf pyromancer
  9940 | D:7      | Killed a deep elf pyromancer
 10038 | D:7      | Identified the +9 hand axe "Nynwarch" {holy, Dex+3}
 10159 | D:8      | Learned a level 4 spell: Iskenderun's Mystic Blast
 10166 | D:8      | Reached * piety under Yredelemnul
 10682 | D:8      | Reached ** piety under Yredelemnul
 11489 | D:9      | Reached skill level 5 in Evocations
 11707 | D:9      | Noticed Erica
 11716 | D:9      | Killed Erica
 11717 | D:9      | Reached *** piety under Yredelemnul
 11717 | D:9      | Reached skill level 9 in Conjurations
 11788 | D:9      | Noticed a tengu warrior
 11795 | D:9      | Found a transporter.
 11890 | D:9      | Reached **** piety under Yredelemnul
 11916 | D:9      | Identified a scroll of acquirement
 12015 | D:9      | Your ally Erica died
 12033 | D:9      | Found a transporter.
 12037 | D:9      | Reached XP level 11. HP: 24/70 MP: 13/22
 12039 | D:9      | Noticed an oklob plant
 12062 | D:9      | Noticed Foxy's ghost (novice DgIE)
 12215 | D:9      | Noticed a deep elf pyromancer
 12845 | D:9      | Found a staircase to the Lair.
 12966 | D:10     | Entered Level 10 of the Dungeon
 13132 | D:10     | Noticed a two-headed ogre
 13143 | D:10     | Killed a two-headed ogre
 13575 | D:10     | Found a staircase to the Orcish Mines.
 13675 | D:10     | Noticed a five-headed hydra
 13688 | D:10     | Killed a five-headed hydra
 13813 | D:10     | Reached skill level 1 in Invocations
 13966 | D:10     | Noticed a two-headed ogre
 13973 | D:10     | Killed a two-headed ogre
 14498 | D:11     | Noticed a wizard
 14498 | D:11     | Noticed a centaur warrior
 14540 | D:11     | Found a gate leading to a gauntlet.
 14545 | Gauntlet | Entered a Gauntlet
 14545 | Gauntlet | Found a transporter.
 14554 | Gauntlet | Found a transporter.
 14573 | Gauntlet | Found a transporter.
 14574 | Gauntlet | Found a transporter.
 14576 | Gauntlet | Noticed a wizard
 14583 | Gauntlet | Noticed a wizard
 14584 | Gauntlet | Found a transporter.
 14601 | Gauntlet | Noticed a hell hog
 14603 | Gauntlet | Found a transporter.
 14607 | Gauntlet | Found a runed translucent door.
 14613 | Gauntlet | Noticed a hell hog
 14617 | Gauntlet | Found a transporter.
 14634 | Gauntlet | Found a transporter.
 14638 | Gauntlet | Found a transporter.
 14646 | Gauntlet | Found a transporter.
 14651 | Gauntlet | Noticed a green death
 14661 | Gauntlet | Noticed a dire elephant
 14671 | Gauntlet | Found a transporter.
 14671 | Gauntlet | Found a transporter.
 14848 | Gauntlet | Identified the ring of Iladigg {Ice Dex+2}
 15200 | Gauntlet | Identified the +4 pair of boots of the Villain {rElec rN+
                  | Int+10 Dex-5}
 15200 | Gauntlet | Cast into level 2 of the Abyss (a wizard)
 15200 | Abyss:2  | Found a corrupted altar of Lugonu.
 15215 | Abyss:2  | Noticed a thrashing horror
 15215 | Abyss:2  | Noticed a thrashing horror
 15253 | Abyss:2  | Slain by a thrashing horror

Illustrated notes

Levels and vault maps discovered:
D:1:      matt_arrival_spirals, layout_basic, chequers_serial_rivers_micro_b
D:2:      kennysheep_the_goblin_king, layout_basic, corexii_leaking_fountain,
          uniq_sigmund
D:3:      layout_basic
D:4:      layout_cave_pods, nicolae_ossuary_entry_ruins,
          ebering_ghost_disaster_area, guppyfry_early_lair_pool, uniq_ijyb
D:5:      layout_layer_cave, minivault_26, uniq_pikel, uniq_grinder
D:6:      layout_loops_cross, nicolae_gozag_cash_rules_everything_around_me,
          gammafunk_ghost_hive, columned_hall_lemuel,
          chequers_serial_rivers_room_b, uniq_crazy_yiuf_cottage
D:7:      layout_cave_pools, minmay_temple_entry_slanted,
          minmay_manual_mandibuliform
D:8:      layout_loops_ring, minmay_diced_spiral
D:9:      layout_irregular_city, david_lair_shrubbed, nzn_ghost_randoct,
          grunt_ministairs_6, uniq_erica
D:10:     layout_irregular_city, orc_0_dummy, grunt_decor_cap
D:11:     cheibrodos_helix_gallery, layout_stronghold, gauntlet_entry_generic,
          lightli_corner_chamber
Temple:   kilobyte_greek_temple
Abyss:2:  base:
Temple
Gauntlet: minmay_gauntlet_mixed_oops_all_seconds
          [minmay_gauntlet_arena_77_p_blocks,
          gammafunk_gauntlet_arena_split_diamond, minmay_gauntlet_arena_77_box,
          gammafunk_gauntlet_arena_arrow_garden, minmay_gauntlet_arena_77_path,
          gammafunk_gauntlet_arena_mazey, gauntlet_exit_hidden_loot]

Skill      XL: |  1  2  3  4  5  6  7  8  9 10 11 |
---------------+----------------------------------+-----
Stealth        | 2 |  2.0
Dodging        | 2 3 4 5 6 7 8 |  8.2
Staves         | 2 3 4 5 6 7 8 |  8.6
Spellcasting   | 3 4 5 6 7 8 |  8.3
Conjurations   | 5 6 7 8 9 |  9.7
Evocations     | 3 6 8 |  8.0
Invocations    | 1 |  1.7

Action                   |  1- 3 |  4- 6 |  7- 9 | 10-12 || total
-------------------------+-------+-------+-------+-------++-------
Melee: Unarmed           |     6 |       |       |       ||     6
       Staff             |     2 |     1 |   114 |       ||   117
       Tailslap          |       |       |    11 |    12 ||    23
       Rapier            |       |       |       |   133 ||   133
 Cast: Magic Dart        |    49 |    60 |   110 |    52 ||   271
       Searing Ray       |     3 |     7 |    52 |    28 ||    90
       Fulminant Prism   |       |       |     2 |    24 ||    26
       Iskenderun's Myst |       |       |       |     1 ||     1
 Abil: Breathe Frost     |       |       |    11 |     2 ||    13
  Use: Scroll            |       |       |     8 |     6 ||    14
 Stab: Distracted        |       |       |       |     2 ||     2
Armor: Skin              |     6 |     9 |    67 |    96 ||   178
Dodge: Dodged            |     8 |    10 |   157 |   280 ||   455

Table legend: (Time is in decaauts)
 A = Elapsed time spent in this place.
 B = Non-inter-level travel time spent in this place.
 C = Inter-level travel time spent in this place.
 D = Time resting spent in this place.
 E = Time spent auto-exploring this place.
 F = Levels seen in this place.
 G = Mean time per level.
                   A        B        C        D        E       F      G
               +--------+--------+--------+--------+--------+-----+--------+
         Total |  15293 |  14663 |    630 |   1220 |  10887 |  15 | 1019.5 |
       Dungeon |  13429 |  12799 |    630 |    877 |   9894 |  11 | 1220.8 |
        Temple |     76 |     76 |      0 |      0 |     41 |   1 |   76.0 |
         Abyss |     53 |     53 |      0 |      0 |      1 |   1 |   53.0 |
       Ossuary |   1077 |   1077 |      0 |     53 |    816 |   1 | 1077.0 |
      Gauntlet |    657 |    657 |      0 |    290 |    135 |   1 |  657.0 |
               +--------+--------+--------+--------+--------+-----+--------+

Top non-repeatable levels by time:
     D:5: 1870 daAuts
     D:6: 1555 daAuts
     D:9: 1544 daAuts
     D:7: 1455 daAuts
     D:2: 1197 daAuts
    D:10: 1189 daAuts
     D:8: 1157 daAuts
     D:4: 1157 daAuts
     D:1: 1152 daAuts
     D:3: 1085 daAuts
 Ossuary: 1077 daAuts
Gauntlet: 657 daAuts
  Temple: 76 daAuts
    D:11: 61 daAuts
 Abyss:2: 53 daAuts
